 Dungeon Crawl Stone Soup version 0.29-a0-617-g7a6b98fccd (webtiles) character file.

Game seed: 7280432147970575484

6947 frimble the Slinger (level 11, -6/84 HPs)
             Began as a Gnoll Wanderer on June 17, 2022.
             Was a Follower of Ashenzari.
             Mangled by an elephant (15 damage)
             ... on level 1 of the Lair of Beasts.
             The game lasted 00:14:53 (9985 turns).

frimble the Slinger (Gnoll Wanderer)                Turns: 9985, Time: 00:14:54

Health: -6/84      AC:  8    Str: 13    XL:     11   Next: 7%
Magic:  22/22      EV: 18    Int: 15    God:    Ashenzari [*.....]
Gold:   354        SH:  6    Dex: 11    Spells: 19/24 levels left

rFire   . . .      SeeInvis .   x - +5 trident (venom)
rCold   . . .      Faith    .   v - +0 buckler "Fetters of Ashenzari" {Bglg, Elem} (curse)
rNeg    + . .      Spirit   .   J - +0 steam dragon scales
rPois   .          Reflect  .   C - +0 helmet
rElec   .          Harm     .   (no cloak)
rCorr   .          Rampage  .   (no gloves)
Will    +++..      Clarity  +   (no boots)
Stlth   +++.......              z - amulet of the Four Winds {rN+ Will+++ Clar}
HPRegen 0.24/turn               j - ring "Prescient Vision" {EV+4, Comp, Fort} (curse)
MPRegen 0.18/turn               (no ring)

@: no status effects
A: fangs 1, strong nose, distributed training
a: Renounce Religion, Shatter the Chains


You were on level 1 of the Lair of Beasts.
You worshipped Ashenzari.
Ashenzari was aware of your devotion.
You visited 3 branches of the dungeon, and saw 11 of its levels.

You collected 354 gold pieces.

Inventory:

Hand Weapons
 a - a +2 hunting sling
 b - the +7 dagger of Cheibriados's Approval {vorpal, Fly rPois Int+2}
   (You found it on level 7 of the Dungeon)

   It inflicts extra damage upon your enemies.
   Int:       It affects your intelligence (+2).
   rPois:     It protects you from poison.
   Fly:       It grants you flight.
 x - a +5 trident of venom (weapon)
Missiles
 i - 4 throwing nets
Armour
 v - the cursed +0 buckler "Fetters of Ashenzari" (worn) {Bglg, Elem}

   It has a curse which improves the following skills: Beguiling: Conjurations,
   Hexes and Translocations.
   Elements:  Fire Magic, Ice Magic, Air Magic and Earth Magic.
 C - a +0 helmet (worn)
 I - a +0 troll leather armour
 J - +0 steam dragon scales (worn)
Jewellery
 j - the cursed ring "Prescient Vision" (left hand) {EV+4, Comp, Fort}
   (You found it on level 1 of the Dungeon)

   [ring of evasion]

   EV:        It affects your evasion (+4).
   It has a curse which improves the following skills: Companions: Summonings
   and Necromancy.
   Fortitude: Armour and Shields.
 z - the amulet of the Four Winds (around neck) {rN+ Will+++ Clar}
   (You found it on level 6 of the Dungeon)

   [amulet of nothing]

   rN:        It protects you from negative energy.
   Clar:      It protects you against confusion.
   Will:      It greatly increases your willpower.
 E - a ring of poison resistance
Wands
 k - a wand of flame (20)
 A - a wand of charming (3)
 D - a wand of iceblast (4)
Scrolls
 h - 5 scrolls of teleportation
 n - a scroll of immolation
 p - 2 scrolls of magic mapping
 r - a scroll of fog
 u - a scroll of amnesia
 F - a scroll of silence
 H - a scroll of poison
Potions
 d - a potion of brilliance
 e - a potion of ambrosia
 f - 2 potions of cancellation
 g - 3 potions of attraction
 l - 2 potions of might
 m - a potion of berserk rage
 q - 3 potions of degeneration
 s - a potion of curing
 t - a potion of invisibility
 w - a potion of flight
 G - a potion of resistance


   Skills:
 + Level 7.3 Fighting
 + Level 6.8 Short Blades
 + Level 6.8 Long Blades
 + Level 6.8 Axes
 + Level 6.8 Maces & Flails
 + Level 6.8 Polearms
 + Level 6.8 Staves
 + Level 8.3 Slings
 + Level 6.8 Bows
 + Level 6.8 Crossbows
 + Level 6.8 Throwing
 + Level 7.3(8.2) Armour
 + Level 7.3 Dodging
 + Level 6.8 Stealth
 + Level 7.3(8.2) Shields
 + Level 6.8 Unarmed Combat
 + Level 7.4 Spellcasting
 + Level 5.6(6.5) Conjurations
 + Level 5.6(6.5) Hexes
 + Level 5.6(6.5) Summonings
 + Level 5.6(6.5) Necromancy
 + Level 6.9(7.7) Translocations
 + Level 5.6 Transmutations
 + Level 5.6(6.5) Fire Magic
 + Level 5.6(6.5) Ice Magic
 + Level 5.6(6.5) Air Magic
 + Level 5.6(6.5) Earth Magic
 + Level 5.6 Poison Magic
 + Level 7.4 Invocations
 + Level 7.3 Evocations


You had 19 spell levels left.
You knew the following spells:

 Your Spells              Type           Power      Damage    Failure   Level
a - Apportation           Tloc           56%        N/A       1%          1
b - Airstrike             Air            12%        N/A       11%         4

Your spell library contained the following spells:

 Spells                   Type           Power      Damage    Failure   Level
 Magic Dart               Conj           100%       1d8       1%          1
 Shock                    Conj/Air       100%       1d9       1%          1
 Ensorcelled Hibernation  Hex/Ice        50%        N/A       1%          2
 Searing Ray              Conj           50%        2d6       1%          2
 Static Discharge         Conj/Air       25%        N/A       1%          2
 Gell's Gravitas          Tloc           28%        N/A       1%          3
 Swiftness                Air            25%        N/A       3%          3
 Spider Form              Tmut/Pois      22%        N/A       4%          3
 Anguish                  Hex/Necr       12%        N/A       11%         4
 Dispel Undead            Necr           25%        3d12      11%         4
 Fulminant Prism          Conj/Hex       12%        3d9       11%         4
 Sticky Flame             Conj/Fire      25%        2d5       11%         4


Dungeon Overview and Level Annotations

Branches:
Dungeon (9/15)             Temple (1/1) D:4            Lair (1/6) D:9
    Orc: D:9-12

Altars:
Ashenzari
Cheibriados
Elyvilon
Fedhas
Gozag
Hepliaklqana
Kikubaaqudgha
Makhleb
Nemelex Xobeh
Okawaru
Qazlal
Ru
Sif Muna
Trog
Uskayaw
Vehumet
Wu Jian
Xom
Yredelemnul
Zin
The Shining One

Shops:
D:3 (

Annotations:
D:4 exclusion: downstairs
D:7 3 runed translucent doors, Selrock's ghost, novice GrFi


Innate Abilities, Weirdness & Mutations

You have very sharp teeth.
Your uncanny sense of smell can sniff out nearby items.
Your experience applies equally to all skills.


Message History

There is a staircase to the Lair here.
The killer bee buzzes angrily.
You hear a bellow! x3; You hear an angry hiss.
You block the elephant's attack. The elephant trunk-slaps you.
The orc misses you. The killer bee stings you!
The steam dragon hisses angrily.
You climb downwards.
Welcome to the Lair of Beasts!
Found four items.
There is a staircase back to the Dungeon here.
You puncture the orc!
You kill the orc!
The elephant barely misses you.
The elephant trunk-slaps you but does no damage.
The elephant attacks as you move away! The elephant misses you.
The elephant trunk-slaps you but does no damage.
Items here: ) ? [ †.
You puncture the elephant!
The elephant is poisoned.
The elephant is moderately wounded.
The elephant misses you. The elephant barely misses you.
You hit the elephant.
The elephant looks as sick as possible!
You bite the elephant, but do no damage.
The elephant is moderately wounded.
The elephant misses you. The elephant trunk-slaps you.
You hit the elephant but do no damage.
The elephant looks as sick as possible!
The elephant is moderately wounded.
The elephant completely misses you. The elephant misses you.
You completely miss the elephant.
The elephant is moderately wounded.
The elephant tramples you!
* * * LOW HITPOINT WARNING * * *
You stumble backwards!
You hit the elephant.
The elephant looks as sick as possible!
The elephant is heavily wounded.
You block the elephant's attack. The elephant trunk-slaps you.
* * * LOW HITPOINT WARNING * * *
You hit the elephant.
The elephant looks as sick as possible!
The elephant is severely wounded.
You block the elephant's attack. The elephant trunk-slaps you.
* * * LOW HITPOINT WARNING * * *
The elephant attacks as you move away! The elephant tramples you!
You die...

.........P.....#.
.......... ......
.........# .......
.........##....#..
..................
#[.....<..........
##......).........
#.......Y........
#........@.......
#...$#######.....
#.... .... #....
... #.... #..


You could see an elephant (extremely poisoned).

Vanquished Creatures
  A troll (D:8)
  A slime creature (D:8)
  2 yaks
  A wraith (D:8)
  2 wyverns (D:8)
  2 steam dragons
  An acid dragon (D:9)
  3 water moccasins
  2 black bears (D:5)
  An orc warrior (D:8)
  2 ice beasts
  2 sky beasts (D:7)
  2 ogres
  A centaur (D:8)
  4 bullfrogs
  2 necrophages
  A scorpion (D:6)
  2 gnoll sergeants
  4 wights
  3 jellies
  12 killer bees
  2 howler monkeys
  6 hounds
  2 gnoll shamans
  An orc priest (D:7)
  3 iguanas
  3 orc wizards
  19 gnolls
  10 adders
  2 ufetubi
  6 dart slugs
  16 orcs
  8 endoplasms
  A giant cockroach (D:1)
  8 goblins
  8 hobgoblins
  10 jackals
  5 kobolds
  4 quokkas
  5 ball pythons
  5 bats (D:2)
  4 frilled lizards
  8 rats
187 creatures vanquished.

Vanquished Creatures (others)
  2 fungi
  15 plants
17 creatures vanquished.

Grand Total: 204 creatures vanquished

Notes
Turn   | Place    | Note
-------+----------+-------------------------------------------
     0 | D:1      | frimble the Gnoll Wanderer began the quest for the Orb.
     0 | D:1      | frimble set off with the following items: a +2 hunting
                  | sling, a +0 buckler, a scroll of fear, a +0 leather armour;
                  | and the following spell memorised: Apportation; and the
                  | following spells available to memorise: Gell's Gravitas.
     0 | D:1      | Reached XP level 1. HP: 17/17 MP: 4/4
   205 | D:1      | Reached XP level 2. HP: 23/23 MP: 5/5
   451 | D:1      | Reached XP level 3. HP: 16/28 MP: 7/7
  1014 | D:2      | Reached skill level 1 in Invocations
  1078 | D:2      | Reached skill level 1 in Short Blades
  1078 | D:2      | Reached skill level 1 in Long Blades
  1078 | D:2      | Reached skill level 1 in Axes
  1078 | D:2      | Reached skill level 1 in Maces & Flails
  1078 | D:2      | Reached skill level 1 in Polearms
  1078 | D:2      | Reached skill level 1 in Staves
  1078 | D:2      | Reached skill level 1 in Bows
  1078 | D:2      | Reached skill level 1 in Crossbows
  1078 | D:2      | Reached skill level 1 in Throwing
  1078 | D:2      | Reached skill level 1 in Stealth
  1078 | D:2      | Reached skill level 1 in Unarmed Combat
  1078 | D:2      | Reached XP level 4. HP: 34/34 MP: 8/8
  1557 | D:3      | Reached skill level 1 in Conjurations
  1557 | D:3      | Reached skill level 1 in Hexes
  1557 | D:3      | Reached skill level 1 in Summonings
  1557 | D:3      | Reached skill level 1 in Necromancy
  1557 | D:3      | Reached skill level 1 in Transmutations
  1557 | D:3      | Reached skill level 1 in Fire Magic
  1557 | D:3      | Reached skill level 1 in Ice Magic
  1557 | D:3      | Reached skill level 1 in Air Magic
  1557 | D:3      | Reached skill level 1 in Earth Magic
  1557 | D:3      | Reached skill level 1 in Poison Magic
  1597 | D:3      | Found Esaluasteit's Weapon Shoppe.
  1611 | D:3      | Found an ancient bone altar of Kikubaaqudgha.
  1641 | D:3      | Found a faded altar of an unknown god.
  1800 | D:3      | Reached XP level 5. HP: 39/40 MP: 9/9
  2029 | D:4      | Found a staircase to the Ecumenical Temple.
  2038 | Temple   | Entered the Ecumenical Temple
  2066 | Temple   | Became a worshipper of Ashenzari the Shackled
  2129 | D:4      | Found a snail-covered altar of Cheibriados.
  2129 | D:4      | Found a shimmering blue altar of Sif Muna.
  2775 | D:4      | Reached XP level 6. HP: 34/47 MP: 9/11
  2923 | D:4      | Found a glowing silver altar of Zin.
  2927 | D:4      | Found a burning altar of Makhleb.
  2930 | D:4      | Noticed a blizzard demon
  2930 | D:4      | Noticed an angel
  3126 | D:4      | Reached skill level 5 in Slings
  3329 | D:4      | Identified the +3 spear of the Establishment {drain, rCorr
                  | Str+3} (You found it on level 4 of the Dungeon)
  3543 | D:5      | Entered Level 5 of the Dungeon
  3997 | D:5      | Noticed a black bear
  4007 | D:5      | Killed a black bear
  4008 | D:5      | Reached XP level 7. HP: 27/52 MP: 12/12
  4417 | D:5      | Reached * piety under Ashenzari
  4477 | D:5      | Reached skill level 5 in Fighting
  4477 | D:5      | Reached skill level 5 in Short Blades
  4477 | D:5      | Reached skill level 5 in Long Blades
  4477 | D:5      | Reached skill level 5 in Axes
  4477 | D:5      | Reached skill level 5 in Maces & Flails
  4477 | D:5      | Reached skill level 5 in Polearms
  4477 | D:5      | Reached skill level 5 in Staves
  4477 | D:5      | Reached skill level 7 in Slings
  4477 | D:5      | Reached skill level 5 in Bows
  4477 | D:5      | Reached skill level 5 in Crossbows
  4477 | D:5      | Reached skill level 5 in Throwing
  4477 | D:5      | Reached skill level 5 in Armour
  4477 | D:5      | Reached skill level 5 in Dodging
  4477 | D:5      | Reached skill level 5 in Stealth
  4477 | D:5      | Reached skill level 5 in Shields
  4477 | D:5      | Reached skill level 5 in Unarmed Combat
  4477 | D:5      | Reached skill level 5 in Translocations
  4477 | D:5      | Reached skill level 5 in Invocations
  4477 | D:5      | Reached skill level 5 in Evocations
  4477 | D:5      | Reached XP level 8. HP: 64/64 MP: 12/17
  4478 | D:5      | Reached skill level 5 in Conjurations
  4478 | D:5      | Reached skill level 5 in Hexes
  4478 | D:5      | Reached skill level 5 in Summonings
  4478 | D:5      | Reached skill level 5 in Necromancy
  4478 | D:5      | Reached skill level 5 in Transmutations
  4478 | D:5      | Reached skill level 5 in Fire Magic
  4478 | D:5      | Reached skill level 5 in Ice Magic
  4478 | D:5      | Reached skill level 5 in Air Magic
  4478 | D:5      | Reached skill level 5 in Earth Magic
  4478 | D:5      | Reached skill level 5 in Poison Magic
  4478 | D:5      | Reached XP level 9. HP: 71/71 MP: 12/19
  5436 | D:6      | Reached XP level 10. HP: 47/77 MP: 20/20
  5578 | D:6      | Found the amulet of the Four Winds {rN+ Will+++ Clar}
  6368 | D:7      | Identified the +7 dagger of Cheibriados's Approval {vorpal,
                  | Fly rPois Int+2}
  6475 | D:7      | Noticed a kobold demonologist
  6477 | D:7      | Noticed Selrock's ghost (novice GrFi)
  6478 | D:7      | Found a runed translucent gate.
  6478 | D:7      | Found a runed translucent gate.
  6478 | D:7      | Found a runed translucent gate.
  6802 | D:7      | Reached ** piety under Ashenzari
  6934 | D:7      | Reached skill level 8 in Slings
  7601 | D:8      | Learned a level 4 spell: Airstrike
  9327 | D:9      | Found a staircase to the Lair.
  9345 | D:9      | Noticed an elephant
  9354 | D:9      | Noticed a two-headed ogre
  9366 | D:8      | Reached XP level 11. HP: 27/84 MP: 3/22
  9631 | D:8      | HP: 3/84 [killer bee (7)]
  9975 | Lair:1   | Entered Level 1 of the Lair of Beasts
  9985 | Lair:1   | Mangled by an elephant

Illustrated notes

Levels and vault maps discovered:
D:1:      nicolae_arrival_memento_mori, layout_loops_cross, serial_forest,
          infiniplex_forest_lined_ring, infiniplex_forest_clump_cross,
          infiniplex_forest_clump_small, infiniplex_forest_corner_1,
          infiniplex_forest_clump_medium, infiniplex_forest_pool,
          infiniplex_forest_clump_tiny, infiniplex_forest_lined_room_,
          infiniplex_forest_straight_5, infiniplex_forest_clump_small
D:2:      layout_basic, chequers_serial_rivers_micro_b, minmay_cupped
D:3:      layout_basic, mainiacjoe_overflow_tiny_flanked,
          shapermc_ecumenical_altar_mp_ritualfount, serial_shops,
          nicolae_shop_advertising_works [nicolae_subvault_shop_adworks]
D:4:      layout_loops_corners, grunt_temple_overflow_order_and_chaos_2,
          grunt_temple_overflow_open, temple_green, minmay_curled_crystal
D:5:      layout_loops_corners, nicolae_fountain_basement
D:6:      layout_loops_ring, corner_web_ring
D:7:      layout_basic, gammafunk_ghost_nasty_kobolds
D:8:      layout_loops_ring
D:9:      nzn_winding_woodlands_three_and_one [nzn_winding_woodlands_5x15_twine,
          nzn_winding_woodlands_5x15_parted, nzn_winding_woodlands_5x15_eye,
          nzn_winding_woodlands_center_garden], layout_cross,
          david_lair_generic, minmay_strange_pillars
Temple:   lightli_temple_of_artemis
Lair:1:   layout_chaotic_city, grunt_megastairs_2, lemuel_fruit_fields,
          lemuel_fruit_tree

Skill      XL: |  1  2  3  4  5  6  7  8  9 10 |
---------------+-------------------------------+-----
Invocations    | 1 2 5 6 7 |  7.4
Short Blades   | 1 2 5 6 |  6.8
Long Blades    | 1 2 5 6 |  6.8
Axes           | 1 2 5 6 |  6.8
Maces & Flails | 1 2 5 6 |  6.8
Polearms       | 1 2 5 6 |  6.8
Staves         | 1 2 5 6 |  6.8
Bows           | 1 2 5 6 |  6.8
Crossbows      | 1 2 5 6 |  6.8
Throwing       | 1 2 5 6 |  6.8
Stealth        | 1 2 5 6 |  6.8
Unarmed Combat | 1 2 5 6 |  6.8
Spellcasting   | 3 6 7 |  7.4
Conjurations   | 1 4 5 |  5.6
Hexes          | 1 4 5 |  5.6
Summonings     | 1 4 5 |  5.6
Necromancy     | 1 4 5 |  5.6
Transmutations | 1 4 5 |  5.6
Fire Magic     | 1 4 5 |  5.6
Ice Magic      | 1 4 5 |  5.6
Air Magic      | 1 4 5 |  5.6
Earth Magic    | 1 4 5 |  5.6
Poison Magic   | 1 4 5 |  5.6
Fighting       | 3 5 6 7 |  7.3
Armour         | 3 5 6 7 |  7.3
Dodging        | 3 5 6 7 |  7.3
Shields        | 3 5 6 7 |  7.3
Translocations | 4 5 6 |  6.9
Evocations     | 3 5 6 7 |  7.3
Slings         | 5 7 8 |  8.3

Action                   |  1- 3 |  4- 6 |  7- 9 | 10-12 || total
-------------------------+-------+-------+-------+-------++-------
Melee: Spear             |       |    53 |   112 |    97 ||   262
       Bite              |       |     2 |     8 |    42 ||    52
       Dagger            |       |       |       |   171 ||   171
       Trident           |       |       |       |    65 ||    65
 Fire: Hunting sling     |    95 |   202 |    66 |     9 ||   372
 Cast: Apportation       |       |     3 |       |       ||     3
       Airstrike         |       |       |       |     9 ||     9
Invok: Curse Item        |       |     1 |     1 |     1 ||     3
       Shatter the Chain |       |       |       |     1 ||     1
Evoke: Wand              |       |     4 |       |    16 ||    20
  Use: Scroll            |       |    11 |       |     1 ||    12
       Potion            |       |       |     2 |     6 ||     8
 Stab: Sleeping          |       |       |       |     5 ||     5
       Distracted        |       |       |       |     1 ||     1
       Invisible         |       |       |       |     1 ||     1
Armor: Leather armour    |     9 |       |       |       ||     9
       Ring mail         |       |    41 |    28 |    30 ||    99
       Steam dragon scal |       |       |       |    25 ||    25
Dodge: Dodged            |    29 |   123 |   107 |   217 ||   476
Block: Buckler           |    11 |    40 |    35 |    63 ||   149

Table legend: (Time is in decaauts)
 A = Elapsed time spent in this place.
 B = Non-inter-level travel time spent in this place.
 C = Inter-level travel time spent in this place.
 D = Time resting spent in this place.
 E = Time spent auto-exploring this place.
 F = Levels seen in this place.
 G = Mean time per level.
                   A        B        C        D        E       F      G
               +--------+--------+--------+--------+--------+-----+--------+
         Total |  10073 |   9736 |    337 |    743 |   7219 |  11 |  915.7 |
       Dungeon |  10023 |   9697 |    326 |    743 |   7217 |   9 | 1113.7 |
        Temple |     39 |     28 |     11 |      0 |      2 |   1 |   39.0 |
          Lair |      9 |      9 |      0 |      0 |      0 |   1 |    9.0 |
               +--------+--------+--------+--------+--------+-----+--------+

Top non-repeatable levels by time:
     D:8: 2169 daAuts
     D:4: 1740 daAuts
     D:5: 1306 daAuts
     D:6: 1246 daAuts
     D:7: 1048 daAuts
     D:1: 1021 daAuts
     D:3: 561 daAuts
     D:2: 470 daAuts
     D:9: 458 daAuts
  Temple: 39 daAuts
  Lair:1: 9 daAuts
